[Event "FIDE Open World Rapid 2024"]
[Site "New York"]
[Date "2024.12.27"]
[Round "6.16"]
[White "Samadov, Read"]
[Black "Indjic, Aleksandar"]
[Result "1-0"]
[ECO "E73"]
[WhiteElo "2501"]
[BlackElo "2647"]
[Annotator "ChessBase"]
[PlyCount "127"]
[EventDate "2024.12.14"]
[EventType "swiss"]
[EventCountry "USA"]
[SourceTitle "playchess.com"]
[Source "ChessBase"]
[SourceQuality "1"]
[TimeControl "900+10"]

1. d4 Nf6 2. c4 c5 3. d5 g6 4. Nc3 Bg7 5. e4 d6 6. Be2 O-O 7. Be3 e6 8. Nf3 Re8 9. Nd2 Nbd7 10. O-O e5 11. g4 h6 12. g5 hxg5 13. Bxg5 Nf8 14. Kh1 N8h7 15. Be3 Qe7 16. Rg1 Qf8 17. Qf1 Bh6 18. f4 exf4 19. Bxf4 a6 20. Qf2 Nd7 21. Raf1 Ne5 22. Bxe5 Rxe5 23. Nf3 Re8 24. h4 Bf4 25. h5 g5 26. Ne1 Be5 27. Nf3 Bf4 28. Ne1 Be5 29. Nf3 f6 30. Nxe5 Rxe5 31. Qg3 Kh8 32. Bg4 Qe8 33. a4 Bd7 34. a5 b5 35. axb6 Rb8 36. Rf2 Rxb6 37. Qh3 Bxg4 38. Qxg4 Rb4 39. Ra1 Rxc4 40. Rxa6 Rcxe4 41. Nxe4 Rxe4 42. Qf5 Qxh5+ 43. Kg1 Qd1+ 44. Rf1 Qd4+ 45. Kg2 Rg4+ 46. Kh3 Rh4+ 47. Kg2 c4 48. Ra8+ Kg7 49. Rd8 Rg4+ 50. Kh3 Rh4+ 51. Kg2 Kh6 52. Rd7 Rg4+ 53. Kh3 Rh4+ 54. Kg3 Qe3+ 55. Kg2 Qe2+ 56. Rf2 Rg4+ 57. Kh3 Rh4+ 58. Kg2 Rg4+ 59. Kh3 Rh4+ 60. Kg3 Qe5+ 61. Qxe5 dxe5 62. Rh2 Nf8 63. Rf7 Ng6 64. d6 1-0

[Event "FIDE Open World Rapid 2024"]
[Site "New York"]
[Date "2024.12.27"]
[Round "6.17"]
[White "Hovhannisyan, Robert"]
[Black "Tang, Andrew"]
[Result "0-1"]
[ECO "C48"]
[WhiteElo "2626"]
[BlackElo "2527"]
[Annotator "ChessBase"]
[PlyCount "87"]
[EventDate "2024.12.14"]
[EventType "swiss"]
[EventCountry "USA"]
[SourceTitle "playchess.com"]
[Source "ChessBase"]
[SourceQuality "1"]
[TimeControl "900+10"]

1. e4 e5 2. Nf3 Nc6 3. Nc3 Nf6 4. Bb5 Bc5 5. O-O O-O 6. Nxe5 Nxe5 7. d4 Bd6 8. dxe5 Bxe5 9. Bd3 h6 10. Nb5 c6 11. f4 Bb8 12. Nc3 d6 13. h3 Re8 14. Qf3 Bc7 15. Bd2 b5 16. Be1 Nd7 17. Bf2 Bb6 18. Kh1 Nc5 19. Rad1 Nxd3 20. Qxd3 Bc7 21. f5 b4 22. Ne2 a5 23. Qf3 Ba6 24. Rfe1 Bxe2 25. Rxe2 d5 26. Bg3 Bxg3 27. Qxg3 Qf6 28. b3 Rxe4 29. Rxe4 dxe4 30. Qf4 Re8 31. Re1 Re5 32. Rxe4 Rxf5 33. Re8+ Kh7 34. Qb8 Qd4 35. Kh2 Qd2 36. Rh8+ Kg6 37. h4 Rf4 38. Qd8 Rd4 39. Qe7 Qf4+ 40. Kh3 Qg4+ 41. Kh2 Qf4+ 42. Kh3 Rd1 43. h5+ Kxh5 44. g3 0-1

[Event "FIDE Open World Rapid 2024"]
[Site "New York"]
[Date "2024.12.27"]
[Round "6.17"]
[White "Lu, Shanglei"]
[Black "Bjerre, Jonas Buhl"]
[Result "1/2-1/2"]
[ECO "C53"]
[WhiteElo "2609"]
[BlackElo "2642"]
[Annotator "ChessBase"]
[PlyCount "43"]
[EventDate "2024.12.14"]
[EventType "swiss"]
[EventCountry "USA"]
[SourceTitle "playchess.com"]
[Source "ChessBase"]
[SourceQuality "1"]
[TimeControl "900+10"]

1. e4 e5 2. Nf3 Nc6 3. Bc4 Bc5 4. c3 d6 5. d4 Bb6 6. dxe5 Bg4 7. exd6 Nf6 8. O-O O-O 9. Bg5 h6 10. Bh4 g5 11. Bg3 Nxe4 12. dxc7 Qc8 13. Qc2 Bf5 14. Bd3 Nxg3 15. hxg3 Bxd3 16. Qxd3 Qxc7 17. Nbd2 Qxg3 18. Qf5 Qd6 19. Rad1 Qg6 20. Qxg6+ fxg6 21. Nc4 g4 22. Nfd2 1/2-1/2

[Event "FIDE Open World Rapid 2024"]
[Site "New York"]
[Date "2024.12.27"]
[Round "6.18"]
[White "Bu, Xiangzhi"]
[Black "Deac, Bogdan-Daniel"]
[Result "1/2-1/2"]
[ECO "E56"]
[WhiteElo "2684"]
[BlackElo "2696"]
[Annotator "ChessBase"]
[PlyCount "185"]
[EventDate "2024.12.14"]
[EventType "swiss"]
[EventCountry "USA"]
[SourceTitle "playchess.com"]
[Source "ChessBase"]
[SourceQuality "1"]
[TimeControl "900+10"]

1. d4 Nf6 2. c4 e6 3. Nc3 Bb4 4. e3 O-O 5. Bd3 d5 6. Nf3 dxc4 7. Bxc4 c5 8. O-O Nc6 9. a3 Ba5 10. Qd3 a6 11. dxc5 Qxd3 12. Bxd3 Bxc3 13. bxc3 Na5 14. Bc2 Bd7 15. e4 Bc6 16. Re1 Rfc8 17. Rb1 Nd7 18. Nd4 Nxc5 19. Nxc6 Rxc6 20. Rd1 b5 21. Rb4 Nc4 22. a4 Nxa4 23. Bxa4 bxa4 24. Rxa4 a5 25. Rd4 Rac8 26. f4 f6 27. h3 h6 28. e5 fxe5 29. fxe5 Rc5 30. Ba3 Nxa3 31. Rxa3 Rxe5 32. Rd7 Kh7 33. Ra7 Rcc5 34. c4 Rg5 35. Ra6 Rxc4 36. R6xa5 Rc1+ 37. Kh2 Rxa5 38. Rxa5 Kg6 39. Kg3 Rf1 40. h4 Kf6 41. Ra8 Rf5 42. Ra6 g6 43. Rb6 h5 44. Ra6 Rf1 45. Ra8 Rf5 46. Ra6 Rb5 47. Kf3 Kf5 48. Ra3 Rb4 49. g3 e5 50. Ra5 Rb3+ 51. Kg2 Rd3 52. Ra6 Rd4 53. Kf3 Rd2 54. Ke3 Rb2 55. Rc6 Rb3+ 56. Kf2 e4 57. Rc5+ Kg4 58. Rg5+ Kh3 59. Rxg6 Rf3+ 60. Ke2 Rxg3 61. Re6 Rg4 62. Re5 Kxh4 63. Ke3 Rg3+ 64. Kxe4 Kg4 65. Re8 h4 66. Rg8+ Kh3 67. Rh8 Ra3 68. Kf4 Rb3 69. Rh7 Rb1 70. Kf3 Rf1+ 71. Ke2 Rf5 72. Rh8 Kg3 73. Rg8+ Kh2 74. Rh8 h3 75. Rh7 Kg2 76. Rg7+ Kh1 77. Rg8 h2 78. Rg7 Ra5 79. Kf2 Ra2+ 80. Kf1 Ra1+ 81. Kf2 Rg1 82. Ra7 Rg2+ 83. Kf1 Rg8 84. Rf7 Ra8 85. Rf6 Ra1+ 86. Kf2 Ra2+ 87. Kf1 Rb2 88. Rf5 Rc2 89. Rf6 Rc1+ 90. Kf2 Rg1 91. Ra6 Rg2+ 92. Kf1 Rg5 93. Rf6 1/2-1/2

[Event "FIDE Open World Rapid 2024"]
[Site "New York"]
[Date "2024.12.27"]
[Round "6.18"]
[White "Suleymenov, Alisher"]
[Black "Kevlishvili, Robby"]
[Result "1/2-1/2"]
[ECO "D37"]
[WhiteElo "2500"]
[BlackElo "2556"]
[Annotator "ChessBase"]
[PlyCount "142"]
[EventDate "2024.12.14"]
[EventType "swiss"]
[EventCountry "USA"]
[SourceTitle "playchess.com"]
[Source "ChessBase"]
[SourceQuality "1"]
[TimeControl "900+10"]

1. d4 d5 2. c4 e6 3. Nf3 Nd7 4. Nc3 Ngf6 5. Bf4 dxc4 6. e3 Bd6 7. Bxd6 cxd6 8. Bxc4 Nb6 9. Bd3 O-O 10. O-O Bd7 11. e4 Bc6 12. Re1 Rc8 13. a4 a5 14. Qd2 h6 15. b3 Na8 16. Rac1 Qb6 17. d5 exd5 18. exd5 Bd7 19. Nd4 Nc7 20. Bc4 Rfe8 21. h3 Qb4 22. Nc2 Qc5 23. Qd4 Rxe1+ 24. Rxe1 Qxd4 25. Nxd4 Na8 26. Ndb5 Ne8 27. Ne4 Bxb5 28. Bxb5 Nac7 29. Rc1 Rd8 30. Bxe8 Nxe8 31. g4 Kf8 32. Kf1 Ke7 33. Ke2 Kd7 34. Kd3 Nc7 35. Kd4 Rf8 36. Ng3 Re8 37. f4 Na6 38. Ne4 Nb4 39. h4 Rb8 40. h5 Re8 41. Rc3 Na6 42. g5 Rh8 43. Rg3 hxg5 44. Rxg5 Rh7 45. Ng3 Nc7 46. Rg4 Ne8 47. Rg5 Ke7 48. Kc4 Kf6 49. Kb5 g6 50. Kxa5 gxh5 51. Nxh5+ Ke7 52. Ng3 Rh2 53. Rg8 Rb2 54. Kb4 Nc7 55. Nf5+ Kd7 56. Rf8 Nxd5+ 57. Kc4 Nxf4 58. Rxf7+ Ke6 59. Nh6 Rh2 60. Rxf4 Rxh6 61. Kb5 d5 62. Rf8 Kd7 63. Rf7+ Kc8 64. Kc5 Rc6+ 65. Kxd5 Kb8 66. b4 Ka7 67. Rh7 Rc1 68. a5 Rg1 69. Re7 Rg5+ 70. Re5 Rxe5+ 71. Kxe5 b6 1/2-1/2

[Event "FIDE Open World Rapid 2024"]
[Site "New York"]
[Date "2024.12.27"]
[Round "6.19"]
[White "Svane, Rasmus"]
[Black "Pranav, V."]
[Result "0-1"]
[ECO "A17"]
[WhiteElo "2628"]
[BlackElo "2621"]
[Annotator "ChessBase"]
[PlyCount "84"]
[EventDate "2024.12.14"]
[EventType "swiss"]
[EventCountry "USA"]
[SourceTitle "playchess.com"]
[Source "ChessBase"]
[SourceQuality "1"]
[TimeControl "900+10"]

1. Nf3 Nf6 2. c4 e6 3. Nc3 Bb4 4. Qc2 O-O 5. a3 Bxc3 6. Qxc3 b6 7. b4 Bb7 8. Bb2 d6 9. e3 Nbd7 10. Be2 a5 11. O-O Qe7 12. d3 e5 13. Rfe1 Rfe8 14. e4 Nf8 15. Qc2 Ng6 16. Bf1 c5 17. Bc3 Bc8 18. g3 Bg4 19. Bg2 Qd7 20. Nd2 Bh3 21. Bh1 axb4 22. axb4 Nf4 23. Nf1 Bxf1 24. Kxf1 cxb4 25. gxf4 bxc3 26. f5 b5 27. Qxc3 bxc4 28. Rxa8 Rxa8 29. Qxc4 Nh5 30. Bf3 Nf4 31. d4 Qe7 32. dxe5 Qh4 33. Qc3 Qh3+ 34. Kg1 dxe5 35. Ra1 Rf8 36. Qe3 h6 37. Bh1 Qg4+ 38. Kf1 Rd8 39. Qf3 Qh4 40. Qg3 Qf6 41. Qg4 h5 42. Qg3 Qa6+ 0-1

[Event "FIDE Open World Rapid 2024"]
[Site "New York"]
[Date "2024.12.27"]
[Round "6.19"]
[White "Ibarra Jerez, Jose Carlos"]
[Black "Druska, Juraj"]
[Result "1/2-1/2"]
[ECO "C47"]
[WhiteElo "2556"]
[BlackElo "2423"]
[Annotator "ChessBase"]
[PlyCount "61"]
[EventDate "2024.12.14"]
[EventType "swiss"]
[EventCountry "USA"]
[SourceTitle "playchess.com"]
[Source "ChessBase"]
[SourceQuality "1"]
[TimeControl "900+10"]

1. e4 e5 2. Nf3 Nf6 3. Nc3 Nc6 4. a4 h6 5. d4 exd4 6. Nxd4 Bb4 7. Nxc6 bxc6 8. Bd3 d5 9. Bd2 O-O 10. O-O Bxc3 11. Bxc3 dxe4 12. Bxf6 Qxf6 13. Bxe4 Qxb2 14. Bxc6 Rb8 15. Rb1 Qxb1 16. Qxb1 Rxb1 17. Rxb1 Rd8 18. Bf3 Bf5 19. Rb7 Bxc2 20. a5 Be4 21. Rxc7 Bxf3 22. gxf3 Rd3 23. Kg2 Ra3 24. Rxa7 g5 25. a6 Kg7 26. Ra8 Kf6 27. Kf1 Kf5 28. Kg2 h5 29. a7 h4 30. h3 Kf4 31. Rb8 1/2-1/2

[Event "FIDE Open World Rapid 2024"]
[Site "New York"]
[Date "2024.12.27"]
[Round "6.20"]
[White "Grigoryan, Karen H."]
[Black "Mamedov, Edgar"]
[Result "1-0"]
[ECO "B30"]
[WhiteElo "2618"]
[BlackElo "2441"]
[Annotator "ChessBase"]
[PlyCount "77"]
[EventDate "2024.12.14"]
[EventType "swiss"]
[EventCountry "USA"]
[SourceTitle "playchess.com"]
[Source "ChessBase"]
[SourceQuality "1"]
[TimeControl "900+10"]

1. e4 c5 2. Nf3 Nc6 3. Bb5 e6 4. O-O Nge7 5. c3 a6 6. Ba4 b5 7. Bc2 Bb7 8. Re1 Rc8 9. a4 Ng6 10. axb5 axb5 11. Na3 Ra8 12. Rb1 Ba6 13. Ra1 Bb7 14. Bb1 Be7 15. d4 cxd4 16. cxd4 O-O 17. Nc2 Rxa1 18. Nxa1 Nb4 19. Nb3 f5 20. exf5 exf5 21. d5 Bxd5 22. Nbd4 f4 23. Nxb5 Bc5 24. Nc3 Ba8 25. Ne4 Be7 26. Bd2 Nc6 27. Bc3 d5 28. Ba2 Nb4 29. Bb3 Kh8 30. Neg5 Bxg5 31. Bxb4 Be7 32. Bxe7 Nxe7 33. Nd4 Qd6 34. Bc2 Nc6 35. Ne6 Rf6 36. Ng5 Ne7 37. Qh5 h6 38. Nf7+ Rxf7 39. Qxf7 1-0

[Event "FIDE Open World Rapid 2024"]
[Site "New York"]
[Date "2024.12.27"]
[Round "6.20"]
[White "Escobar Forero, Alder"]
[Black "Aravindh, Chithambaram VR."]
[Result "0-1"]
[ECO "B41"]
[WhiteElo "2420"]
[BlackElo "2718"]
[Annotator "TA"]
[PlyCount "64"]
[EventDate "2024.12.14"]
[EventType "swiss"]
[EventCountry "USA"]
[SourceTitle "playchess.com"]
[Source "ChessBase"]
[SourceQuality "1"]
[TimeControl "900+10"]

1. e4 c5 2. Nf3 e6 3. d4 cxd4 4. Nxd4 a6 5. c4 Nf6 6. Nc3 Qc7 7. a3 b6 8. Bd3 Bb7 (8... Nc6 $11 9. Nf3 Bb7) 9. Qe2 d6 10. Be3 Nbd7 {[%emt 0:00:45] White is slightly better.} 11. O-O Be7 12. Rfc1 Ne5 13. f3 O-O 14. Bb1 Rac8 (14... Qxc4 15. Nd5 Bxd5 16. Rxc4 Bxc4 17. Qd2 $14) (14... Nxc4 15. Nd1 d5 16. b3 $14) 15. b3 Qb8 16. Kh1 Rfe8 17. a4 (17. Bg1 $11) 17... Bd8 (17... d5 $17 18. f4 Neg4) 18. Bg1 Bc7 19. b4 d5 (19... Bd8 $11 {remains equal.}) 20. c5 ({Better is} 20. cxd5 $16 exd5 21. Nxd5 Nxd5 22. exd5) 20... bxc5 $11 21. bxc5 Ba5 22. Nb3 dxe4 (22... Bxc3 $142 23. Rxc3 dxe4 24. fxe4 Nc6) 23. Nxe4 (23. Nxa5 $2 exf3 24. Nxb7 fxe2 $19) 23... Bxe4 24. Nxa5 Bd5 25. Bd4 {[%emt 0:00:11] [#]} (25. Qxa6 $2 {is the wrong capture.} Nxf3 26. Ba2 Nxg1 27. Bxd5 Ng4 $19 (27... exd5 $2 28. Kxg1 $19) (27... Nxd5 28. Kxg1 Qb2 29. Qb5 $15)) (25. Ba2 $11) 25... Ng6 (25... Nxf3 $1 $17 26. gxf3 Qf4) 26. Qxa6 (26. Be3 $11 {keeps the balance.}) 26... Qf4 $17 27. Bxg6 {[%emt 0:00:03] Hoping for Bxf6.} Qxd4 $40 {[%emt 0:00:03][%mdl 128] Black wants a kill.} 28. Be4 {[%emt 0:00:29] White does not recover from this.} Ra8 ({Weaker is} 28... Rxc5 29. Bxd5 Nxd5 30. Nb3 Rxc1+ 31. Rxc1 $11) 29. Qb5 {[%emt 0:00:10] [#]} (29. Qd3 Qxd3 30. Bxd3 Rxa5 31. Bb5) 29... Nxe4 $19 {[%emt 0:00:21] Black is clearly winning.} 30. fxe4 Qxe4 31. Rg1 Reb8 32. Rae1 Rxb5 {[%emt 0:00:10] Weighted Error Value: White=0.73/Black=0.29 (precise) .  Loses game:     	White=1     	---        Mistake:       	White=5     	Black=4      Inaccurate:     	White=4     	Black=2      OK:         	White=3     	Black=9      Best:        	White=2     	---} 0-1

[Event "FIDE Open World Rapid 2024"]
[Site "New York"]
[Date "2024.12.27"]
[Round "6.21"]
[White "Jacobson, Brandon"]
[Black "Lenderman, Aleksandr"]
[Result "1-0"]
[ECO "B53"]
[WhiteElo "2583"]
[BlackElo "2480"]
[Annotator "ChessBase"]
[PlyCount "73"]
[EventDate "2024.12.14"]
[EventType "swiss"]
[EventCountry "USA"]
[SourceTitle "playchess.com"]
[Source "ChessBase"]
[SourceQuality "1"]
[TimeControl "900+10"]

1. e4 c5 2. Nf3 d6 3. Nc3 Nf6 4. d4 cxd4 5. Qxd4 Nc6 6. Qe3 e6 7. b3 Be7 8. Bb2 O-O 9. O-O-O Ng4 10. Qd2 Qb6 11. h3 Nge5 12. Nh2 a6 13. f4 Nd7 14. g4 Nc5 15. g5 Rd8 16. Ng4 d5 17. exd5 exd5 18. Nxd5 Rxd5 19. Qxd5 Be6 20. Qd2 Nb4 21. Qd4 Bf8 22. Bc4 Bxc4 23. Qxc4 Rc8 24. Kb1 Rc7 25. Nh6+ gxh6 26. gxh6 Be7 27. Qc3 f6 28. Qg3+ Kf7 29. Qg7+ Ke8 30. Qg8+ Bf8 31. Rhe1+ Re7 32. Rxe7+ Kxe7 33. Re1+ Ne6 34. f5 Qc5 35. Bxf6+ Kxf6 36. Rxe6+ Kxf5 37. Qg4# 1-0

[Event "FIDE Open World Rapid 2024"]
[Site "New York"]
[Date "2024.12.27"]
[Round "6.21"]
[White "Moroni, Luca Jr"]
[Black "Ansat, Aldiyar"]
[Result "1-0"]
[ECO "E66"]
[WhiteElo "2550"]
[BlackElo "2479"]
[Annotator "ChessBase"]
[PlyCount "155"]
[EventDate "2024.12.14"]
[EventType "swiss"]
[EventCountry "USA"]
[SourceTitle "playchess.com"]
[Source "ChessBase"]
[SourceQuality "1"]
[TimeControl "900+10"]

1. c4 c5 2. Nc3 Nf6 3. g3 g6 4. Bg2 Bg7 5. Nf3 O-O 6. d4 d6 7. O-O Nc6 8. d5 Na5 9. Qd3 a6 10. e4 Rb8 11. Bd2 e6 12. b3 exd5 13. cxd5 b5 14. Qc2 Re8 15. Rae1 b4 16. Na4 Bd7 17. Nb2 Nxe4 18. Rxe4 Rxe4 19. Qxe4 Bxb2 20. Bg5 f6 21. Bf4 Qf8 22. Qe2 Be5 23. Qxa6 Ra8 24. Qb6 Bxf4 25. gxf4 Qb8 26. Qxb8+ Rxb8 27. Nd2 Kf7 28. Ne4 Nb7 29. Nd2 Ra8 30. Ra1 f5 31. Bf1 Kf6 32. Nc4 Be8 33. Nb6 Ra7 34. Nc8 Ra8 35. Nb6 Ra7 36. Bc4 Bf7 37. Bb5 Na5 38. Ba4 Rb7 39. Nc8 Bxd5 40. Rd1 Be6 41. Nxd6 Rb8 42. Rc1 Rd8 43. Ne8+ Ke7 44. Rxc5 Rd1+ 45. Kg2 Nb7 46. Re5 Nd8 47. Nc7 Kf6 48. Rb5 Bc8 49. Rxb4 Bb7+ 50. f3 Rd2+ 51. Kg3 Rd3 52. Kf2 Rxf3+ 53. Ke2 Rh3 54. Rd4 Rxh2+ 55. Ke1 Nf7 56. Be8 Bf3 57. a4 Nh6 58. Rd3 Be4 59. Rd6+ Ke7 60. Rd7+ Kf6 61. Rxh7 Rh1+ 62. Kd2 g5 63. fxg5+ Kxg5 64. a5 f4 65. Re7 Rh2+ 66. Kc3 Rc2+ 67. Kb4 Bg2 68. Rg7+ Kf6 69. Rg6+ Ke5 70. Re6+ Kd4 71. Nb5+ Kd5 72. Rxh6 f3 73. Nc3+ Ke5 74. Bc6 Kd4 75. a6 Rxc3 76. Rh4+ Kd3 77. Be4+ Kd2 78. a7 1-0

[Event "FIDE Open World Rapid 2024"]
[Site "New York"]
[Date "2024.12.27"]
[Round "6.22"]
[White "Oro, Faustino"]
[Black "Hakobyan, Aram"]
[Result "0-1"]
[ECO "D38"]
[WhiteElo "2433"]
[BlackElo "2625"]
[Annotator "ChessBase"]
[PlyCount "84"]
[EventDate "2024.12.14"]
[EventType "swiss"]
[EventCountry "USA"]
[SourceTitle "playchess.com"]
[Source "ChessBase"]
[SourceQuality "1"]
[TimeControl "900+10"]

1. d4 Nf6 2. c4 e6 3. Nf3 d5 4. Nc3 Bb4 5. Qa4+ Nc6 6. a3 Bxc3+ 7. bxc3 Bd7 8. cxd5 exd5 9. Bg5 h6 10. Bh4 g5 11. Bg3 O-O 12. e3 Re8 13. Qc2 Ne4 14. Nd2 Bf5 15. Bd3 h5 16. Bxe4 Bxe4 17. Nxe4 Rxe4 18. h3 h4 19. Bh2 Qd7 20. O-O Na5 21. Qe2 Nc4 22. Qh5 f6 23. f4 g4 24. Qxh4 Nxe3 25. Qxf6 Nxf1 26. Rxf1 Qg7 27. Qf5 c6 28. hxg4 Rf8 29. Qh5 Qh7 30. Qg5+ Kf7 31. Qh5+ Qxh5 32. gxh5 Rg8 33. Kf2 Rge8 34. Bg3 Re2+ 35. Kg1 Rh8 36. Bh4 Rxh5 37. Bg5 Kg6 38. Rb1 b6 39. a4 Kf5 40. a5 Kg4 41. Rb3 Re1+ 42. Kf2 Rhh1 0-1

[Event "FIDE Open World Rapid 2024"]
[Site "New York"]
[Date "2024.12.27"]
[Round "6.22"]
[White "Tsaruk, Maksim"]
[Black "Shankland, Sam"]
[Result "0-1"]
[ECO "B22"]
[WhiteElo "2424"]
[BlackElo "2672"]
[Annotator "ChessBase"]
[PlyCount "184"]
[EventDate "2024.12.14"]
[EventType "swiss"]
[EventCountry "USA"]
[SourceTitle "playchess.com"]
[Source "ChessBase"]
[SourceQuality "1"]
[TimeControl "900+10"]

1. e4 c5 2. c3 d5 3. exd5 Qxd5 4. d4 Nf6 5. Nf3 e6 6. Na3 Nc6 7. Be3 cxd4 8. Nb5 Qd7 9. Nbxd4 Be7 10. Nxc6 Qxc6 11. Bd4 O-O 12. Bd3 b6 13. Qe2 Bb7 14. O-O Rad8 15. Rfe1 Bc5 16. Bxf6 gxf6 17. Be4 Qxe4 18. Qxe4 Bxe4 19. Rxe4 Rd5 20. g3 Rfd8 21. Kg2 f5 22. Re2 Kg7 23. Rae1 Kf6 24. Ne5 b5 25. c4 bxc4 26. Nxc4 Rc8 27. b3 Bb4 28. Rc1 Rd4 29. Rcc2 f4 30. Kf3 fxg3 31. hxg3 h5 32. Ne3 Rcd8 33. Rc4 a5 34. Rec2 Rxc4 35. Nxc4 Rd4 36. Ne3 Kg5 37. Rc4 Rd2 38. Rc2 Rd7 39. Rc6 h4 40. gxh4+ Kxh4 41. Nc4 Kg5 42. a3 Be7 43. Ke4 Kf6 44. Ra6 Bc5 45. Ne3 Bxe3 46. fxe3 Rd5 47. Rb6 Kg5 48. Kf3 Rc5 49. b4 axb4 50. axb4 Rc4 51. b5 Rb4 52. Rb8 Kf5 53. b6 Rb3 54. Rf8 Kf6 55. Rb8 Ke5 56. Ra8 Rxb6 57. Ra5+ Kf6 58. Kf4 Rb4+ 59. Kf3 Kg6 60. Ra8 f5 61. Rg8+ Kf7 62. Ra8 Kf6 63. Ra6 Rb5 64. Rc6 Ke5 65. Ra6 Rc5 66. Rb6 Ra5 67. Rb8 Ra3 68. Rb5+ Kd6 69. Rb8 e5 70. Ke2 Ra2+ 71. Ke1 Kd5 72. Rb4 Rc2 73. Kd1 Rc4 74. Rb2 Rg4 75. Rh2 Ra4 76. Rh5 Ra1+ 77. Ke2 Ra2+ 78. Kf3 e4+ 79. Kg3 Ke5 80. Rh8 Re2 81. Re8+ Kf6 82. Rf8+ Ke6 83. Kf4 Rf2+ 84. Kg5 Rg2+ 85. Kh5 Rg3 86. Re8+ Kf7 87. Ra8 Rxe3 88. Kg5 Rf3 89. Ra6 e3 90. Ra3 Ke6 91. Ra6+ Kd5 92. Ra5+ Kc4 0-1

[Event "FIDE Open World Rapid 2024"]
[Site "New York"]
[Date "2024.12.27"]
[Round "6.23"]
[White "Bluebaum, Matthias"]
[Black "Can, Isik"]
[Result "0-1"]
[ECO "A11"]
[WhiteElo "2650"]
[BlackElo "2499"]
[Annotator "ChessBase"]
[PlyCount "142"]
[EventDate "2024.12.14"]
[EventType "swiss"]
[EventCountry "USA"]
[SourceTitle "playchess.com"]
[Source "ChessBase"]
[SourceQuality "1"]
[TimeControl "900+10"]

1. Nf3 d5 2. e3 Nf6 3. c4 c6 4. Qc2 g6 5. b3 Bg7 6. Bb2 O-O 7. Be2 c5 8. cxd5 Qxd5 9. Nc3 Qf5 10. Qxf5 Bxf5 11. d4 Nc6 12. Na4 Ne4 13. dxc5 Bxb2 14. Nxb2 Nxc5 15. Rc1 Ne4 16. O-O Rfd8 17. Bb5 Nb4 18. a3 Na2 19. Rc7 Nec3 20. Nd4 Rxd4 21. exd4 Nxb5 22. Rxe7 b6 23. d5 Nac3 24. Rfe1 Nxd5 25. Re8+ Rxe8 26. Rxe8+ Kg7 27. a4 Nd4 28. Ra8 a5 29. Nc4 Nxb3 30. Rb8 Bd7 31. Nxb6 Nxb6 32. Rxb6 Bxa4 33. f4 Nc5 34. Kf2 Bd7 35. Ke3 Kf8 36. g3 Ke7 37. Kd4 Ne6+ 38. Kd5 a4 39. Rb7 h5 40. Ra7 Ng7 41. Ke5 Nf5 42. Ke4 Kd6 43. Kd3 Bb5+ 44. Kc3 Bd7 45. Kd3 f6 46. Ra6+ Bc6 47. Ra7 Kc5 48. Rf7 a3 49. Kc3 Nd6 50. Rg7 Nb5+ 51. Kc2 Kb4 52. Rf7 Be4+ 53. Kc1 Nd4 54. Ra7 Nb3+ 55. Kd1 Bb1 56. Rb7+ Kc3 57. Rc7+ Kb2 58. Ke2 a2 59. Ra7 Bf5 60. Kf3 a1=Q 61. Rxa1 Kxa1 62. Kg2 Kb2 63. h3 Kc3 64. Kh2 Kd3 65. Kg2 Ke3 66. Kh2 Kf3 67. h4 Nd4 68. Kh1 Kxg3 69. Kg1 Bh3 70. Kh1 Bg2+ 71. Kg1 Nf3# 0-1

[Event "FIDE Open World Rapid 2024"]
[Site "New York"]
[Date "2024.12.27"]
[Round "6.23"]
[White "Sardana, Rishi"]
[Black "Kadric, Denis"]
[Result "1/2-1/2"]
[ECO "B06"]
[WhiteElo "2466"]
[BlackElo "2544"]
[Annotator "ChessBase"]
[PlyCount "108"]
[EventDate "2024.12.14"]
[EventType "swiss"]
[EventCountry "USA"]
[SourceTitle "playchess.com"]
[Source "ChessBase"]
[SourceQuality "1"]
[TimeControl "900+10"]

1. e4 g6 2. d4 Bg7 3. Nf3 d6 4. c3 Nc6 5. Bd3 e5 6. h3 Nge7 7. O-O O-O 8. dxe5 Nxe5 9. Nxe5 dxe5 10. Qe2 Be6 11. Be3 a5 12. Rd1 Qc8 13. Nd2 f6 14. a4 Rf7 15. Bc4 Nc6 16. Bd5 Bf8 17. Qb5 Bxd5 18. exd5 Ne7 19. Nc4 c6 20. Qb3 Nxd5 21. Rxd5 cxd5 22. Nb6 Qe8 23. Nxa8 Qxa8 24. Qxd5 Qa6 25. Rd1 g5 26. Qb5 Kg7 27. Qxa6 bxa6 28. Rd5 Rb7 29. Bc1 Rb6 30. Kf1 Kf7 31. Ke2 Ke6 32. Rxa5 Rc6 33. Kd3 Be7 34. Be3 f5 35. f3 Rd6+ 36. Ke2 Rc6 37. g4 f4 38. Ba7 Bd8 39. Rc5 Rxc5 40. Bxc5 Kd5 41. Ba7 e4 42. b3 e3 43. Kd3 Kc6 44. b4 Bb6 45. Bb8 Bc7 46. Bxc7 Kxc7 47. a5 Kc6 48. c4 Kd6 49. b5 axb5 50. cxb5 Kc5 51. a6 Kb6 52. Kc2 Ka7 53. Kc3 Kb6 54. Kd3 Ka7 1/2-1/2

[Event "FIDE Open World Rapid 2024"]
[Site "New York"]
[Date "2024.12.27"]
[Round "6.24"]
[White "Le, Tuan Minh"]
[Black "Papasimakopoulos, Alexandros"]
[Result "1-0"]
[ECO "D30"]
[WhiteElo "2598"]
[BlackElo "2379"]
[Annotator "ChessBase"]
[PlyCount "97"]
[EventDate "2024.12.14"]
[EventType "swiss"]
[EventCountry "USA"]
[SourceTitle "playchess.com"]
[Source "ChessBase"]
[SourceQuality "1"]
[TimeControl "900+10"]

1. d4 d5 2. c4 e6 3. Nf3 a6 4. Bg5 Be7 5. Bxe7 Qxe7 6. Nbd2 Nf6 7. Rc1 O-O 8. g3 dxc4 9. Nxc4 Nc6 10. Bg2 Rd8 11. e3 Ne4 12. O-O Nd6 13. Nce5 Nxe5 14. Nxe5 f6 15. Nd3 c6 16. Qb3 Kh8 17. Qb6 Bd7 18. e4 Be8 19. Qc5 Rd7 20. Nf4 Rad8 21. d5 cxd5 22. exd5 e5 23. Ne6 Rc8 24. Qb4 Bf7 25. Qg4 Bg6 26. h4 f5 27. Qb4 Bf7 28. Rxc8+ Nxc8 29. Qc3 Nd6 30. Qxe5 Qf6 31. f4 h6 32. Rc1 Kg8 33. b4 Kh8 34. a4 Kg8 35. b5 axb5 36. axb5 Qg6 37. Kh2 Qf6 38. b6 Ne8 39. Rc8 Re7 40. Qxf6 gxf6 41. Nc7 Kf8 42. d6 Rd7 43. Bxb7 Rxd6 44. Bd5 Bxd5 45. Nxe8 Rxb6 46. Nxf6+ Kf7 47. Nxd5 Rb2+ 48. Kh3 Rd2 49. Ne3 1-0

[Event "FIDE Open World Rapid 2024"]
[Site "New York"]
[Date "2024.12.27"]
[Round "6.24"]
[White "Gan-Erdene, Sugar"]
[Black "Akobian, Varuzhan"]
[Result "0-1"]
[ECO "C14"]
[WhiteElo "2437"]
[BlackElo "2564"]
[Annotator "ChessBase"]
[PlyCount "115"]
[EventDate "2024.12.14"]
[EventType "swiss"]
[EventCountry "USA"]
[SourceTitle "playchess.com"]
[Source "ChessBase"]
[SourceQuality "1"]
[TimeControl "900+10"]

1. e4 e6 2. d4 d5 3. Nc3 Nf6 4. Bg5 Be7 5. e5 Nfd7 6. h4 h6 7. Bxe7 Qxe7 8. Qd2 a6 9. f4 c5 10. Nf3 Nc6 11. O-O-O b5 12. Rh3 c4 13. Rg3 Qf8 14. f5 Nb6 15. Qf4 b4 16. Nb1 Bd7 17. Be2 O-O-O 18. fxe6 Bxe6 19. h5 Rg8 20. Nh4 Ne7 21. Bg4 Qe8 22. Rf1 Kb8 23. Bxe6 fxe6 24. Qf7 Rf8 25. Qxf8 Qxf8 26. Rxf8 Rxf8 27. Nd2 Rf2 28. Kd1 Rf7 29. Rf3 Rxf3 30. Ndxf3 Kc8 31. g4 Kd8 32. Ng2 Nd7 33. c3 a5 34. Nf4 Nf8 35. Ne1 Ke8 36. Kd2 Kf7 37. cxb4 axb4 38. a3 bxa3 39. bxa3 Nc6 40. Kc3 g5 41. Ne2 Nd7 42. Nc2 Nb6 43. Kd2 Na4 44. Nc3 Nxc3 45. Kxc3 Ke7 46. a4 Kd7 47. Na3 Na7 48. Kb4 Nc6+ 49. Kc5 Na5 50. Nb5 Nc6 51. Kb6 c3 52. Nxc3 Nxd4 53. a5 Nc6 54. a6 d4 55. Ne4 d3 56. Nc5+ Kc8 57. Kxc6 d2 58. a7 0-1